 Dungeon Crawl Stone Soup version 0.30.1-11-g7821555f0a (webtiles) character file.

Game seed: 15447949861224687086

142 caec the Ruffian (level 5, -3/42 HPs)
             Began as a Draconian Transmuter on Dec 21, 2023.
             Slain by Crazy Yiuf
             ... wielding a +3 quarterstaff of chaos
              (11 damage)
             ... on level 2 of the Dungeon.
             The game lasted 00:05:13 (1719 turns).

caec the Ruffian (Draconian Transmuter)             Turns: 1719, Time: 00:05:14

Health: -3/42      AC:  5    Str: 13    XL:     5   Next: 4%
Magic:  9/9        EV: 17    Int: 15    God:
Gold:   94         SH:  0    Dex: 11    Spells: 6/9 levels left

rFire   . .          .
                       - Unarmed
rCold   . . .        (no shield)
rNeg    . . .        (body armour unavailable)
rPois   .            (helmet restricted)
rElec   .            g - scarf {shadows}
rCorr   .            (no gloves)
SInv    .            (no boots)
Will    .....        (no amulet)
Stlth   +            (no ring)
HPRegen 0.27/turn    (no ring)
MPRegen 0.11/turn

%: no passive effects
@: agile, lethally poisoned (-3 -> -7)
A: AC +5, unfitting armour, cold-blooded
a: no special abilities


You were on level 2 of the Dungeon.
You visited 1 branch of the dungeon, and saw 2 of its levels.

You collected 94 gold pieces.

Inventory:

Missiles
 c - 2 poisoned darts (quivered)
Armour
 g - a scarf of shadows (worn)
Scrolls
 b - a scroll of poison {unknown}
 d - a scroll of blinking
 f - a scroll of silence {unknown}
Potions
 a - 3 potions of lignification
 h - a potion of curing {unknown}


   Skills:
 + Level 2.5 Fighting
 + Level 2.6 Dodging
 + Level 3.7 Unarmed Combat
 + Level 2.8 Spellcasting
 + Level 2.9 Transmutations


You had 6 spell levels left.
You knew the following spells:

 Your Spells              Type           Power      Damage    Failure   Level
a - Beastly Appendage     Tmut           20%        N/A       6%          1
b - Wereblood             Tmut           10%        N/A       10%         2

Your spell library contained the following spells:

 Spells                   Type           Power      Damage    Failure   Level
 Slow                     Hex            8%         N/A       21%         1
 Static Discharge         Conj/Air       4%         2-3/arc   30%         2
 Spider Form              Tmut/Pois      6%         N/A       34%         3
 Confusing Touch          Hex            2%         N/A       52%         3
 Vampiric Draining        Necr           2%         2d6       52%         3
 Ice Form                 Ice/Tmut       6%         N/A       75%         4
 Airstrike                Air            1%         2d(1-17)  90%         4
 Summon Lightning Spire   Summ/Air       2%         N/A       90%         4


Dungeon Overview and Level Annotations

Branches:
Dungeon (2/15)

Altars:

Shops:
D:2 [

Annotations:
D:2 Crazy Yiuf


Innate Abilities, Weirdness & Mutations

Your plain brown scales are hard. (AC +5)
You cannot fit into any form of body armour.
You are cold-blooded and may be slowed by cold attacks.


Message History

Search for what [? for help]? poi Unknown command.
Okay, then.
Unknown command.
Unknown command.
You open the door.
Crazy Yiuf drinks a potion.
Crazy Yiuf suddenly seems more resistant.
Throw: 3 darts (poison)
Press: ? - help, Q - select action, (/) - cycle Shift-Dir - straight line, f - Crazy Yiuf
Aim: Crazy Yiuf, wielding a +3 quarterstaff of chaos and wearing a +1 cloak of stealth (unusually resistant, 60% to hit)
You throw a poisoned dart. The poisoned dart hits Crazy Yiuf.
Press: ? - help, v - describe, . - travel
Here: Crazy Yiuf, wielding a +3 quarterstaff of chaos and wearing a +1 cloak of stealth (unusually resistant)
An open translucent door.
Unknown command.
Crazy Yiuf attacks as you move away! Crazy Yiuf barely misses you.
Crazy Yiuf yells, "Flower!
Castle illywillydillykilly hog."
Crazy Yiuf attacks as you move away!
Crazy Yiuf hits you with a +3 quarterstaff of chaos!
You feel yourself slow down. Crazy Yiuf freezes you.
Crazy Yiuf attacks as you move away!
Crazy Yiuf hits you with a +3 quarterstaff of chaos!
You are poisoned.
You feel yourself speed up.
You feel very sick. Crazy Yiuf misses you. Crazy Yiuf attacks as you move away!
Crazy Yiuf hits you with a +3 quarterstaff of chaos.
* * * LOW HITPOINT WARNING * * *
You feel agile all of a sudden.
You feel sick. Crazy Yiuf attacks as you move away! Crazy Yiuf misses you.
You feel sick.
Crazy Yiuf laughs, "Nubble!
Cards eyeball ladder."
As you read the scroll labelled UPSUUFRACA, it crumbles to dust.
It is a scroll of identify.
d - a scroll of blinking You feel sick.
Crazy Yiuf says, "Crazy?
Crazy!?
PORCUPINE!"
Crazy Yiuf hits you with a +3 quarterstaff of chaos!
You die...

.# #########.# #.# .#
#.........# #.# .#
###.#.#####.###.#
.####...#....†......#######
..<################.......>
.### ##.###### .#
########.# .# ###
###.#....#.# .###
#...##..#.g@....# ...#
#..('.####.P....# ####
#)..### ##....## #### ###
###### ...# ####


You could see Crazy Yiuf (resistant).

Vanquished Creatures
  Natasha (thrice) (D:2)
  2 gnolls (D:1)
  A worm (D:2)
  A dart slug (D:1)
  2 endoplasms
  8 giant cockroaches (D:1)
  A goblin (D:2)
  3 hobgoblins
  8 jackals (D:1)
  A quokka (D:2)
  4 ball pythons (D:1)
  5 bats
  A frilled lizard (D:1)
  A kobold (D:1)
  A rat (D:1)
42 creatures vanquished.

Notes
Turn   | Place    | Note
-------+----------+-------------------------------------------
     0 | D:1      | caec the Draconian Transmuter began the quest for the Orb.
     0 | D:1      | Reached XP level 1. HP: 16/16 MP: 3/3
   140 | D:1      | Reached XP level 2. HP: 23/23 MP: 3/5
   143 | D:1      | Learned a level 2 spell: Wereblood
   429 | D:1      | Reached XP level 3. HP: 13/29 MP: 2/6
  1083 | D:2      | Noticed Natasha
  1089 | D:2      | Killed Natasha
  1090 | D:2      | Reached XP level 4. HP: 36/36 MP: 3/7
  1110 | D:2      | Identified the +0 scale mail of Joxzayll {-Tele Drain rN+++
                  | Stlth+}
  1234 | D:2      | Found Rileepn's Antique Armour Boutique.
  1575 | D:2      | Noticed Natasha
  1585 | D:2      | Killed Natasha
  1668 | D:2      | Noticed Natasha
  1674 | D:2      | Killed Natasha
  1675 | D:2      | Reached XP level 5. HP: 40/42 MP: 7/9
  1705 | D:2      | Found a runed translucent door.
  1706 | D:2      | Noticed Crazy Yiuf
  1719 | D:2      | Slain by Crazy Yiuf

Illustrated notes

Levels and vault maps discovered:
D:1:      scummos_arrival_simple_crosswalls, layout_basic, chequers_big_river,
          minmay_worlds_worst_comb
D:2:      layout_loops_ring, serial_shops, shop, uniq_crazy_yiuf_cottage,
          uniq_natasha

Skill      XL: |  1  2  3 |
---------------+----------+-----
Dodging        | 2 |  2.6
Fighting       | 2 |  2.5
Unarmed Combat | |  3.7
Spellcasting   | |  2.8
Transmutations | |  2.9

Action                     |  1- 3 |  4- 6 || total
---------------------------+-------+-------++-------
  Melee: Unarmed           |    93 |    22 ||   115
         Kick              |    19 |     4 ||    23
         Headbutt          |    10 |     3 ||    13
         Punch             |     2 |       ||     2
         Tailslap          |     8 |     2 ||    10
  Throw: Dart              |       |     1 ||     1
   Cast: Beastly Appendage |    21 |     3 ||    24
         Wereblood         |     5 |       ||     5
    Use: Scroll            |       |     1 ||     1
   Stab: Sleeping          |     1 |       ||     1
 Armour: Skin              |    27 |     2 ||    29
  Dodge: Dodged            |    71 |    12 ||    83
